 Dungeon Crawl Stone Soup version 0.23-a0-14-g8c9a20f (webtiles) character file.

20 Amnesiac the Magician (level 2, -1/19 HPs)
             Began as a Mummy Fire Elementalist on Aug 2, 2018.
             Slain by a hound (3 damage)
             ... on level 4 of the Dungeon.
             The game lasted 00:02:18 (596 turns).

Amnesiac the Magician (Mummy Fire Elementalist)      Turns: 596, Time: 00:02:18

Health: -1/19      AC:  2    Str: 11    XL:     2   Next: 58%
Magic:  0/5        EV: 12    Int: 14    God:
Gold:   47         SH:  0    Dex: 12    Spells: 5/6 levels left

rFire    x . .     SeeInvis .   (no weapon)
rCold    + . .     Gourm    .   (no shield)
rNeg     + + +     Faith    .   a - +0 robe
rPois    ∞         Spirit   .   (no helmet)
rElec    .         Reflect  .   (no cloak)
rCorr    .         Harm     .   (no gloves)
MR       .....                  (no boots)
Stlth    ++........             c - amulet of regeneration
HPRegen  0.46/turn              (no ring)
MPRegen  0.09/turn              (no ring)

@: no status effects
A: no food or potions, fire vulnerability, cold resistance 1, negative energy
resistance 3, torment resistance, unbreathing
a: no special abilities


You were on level 4 of the Dungeon.
You were not hungry.

You visited 1 branch of the dungeon, and saw 4 of its levels.

You collected 47 gold pieces.

Inventory:

Armour
 a - a +0 robe (worn)
Jewellery
 c - an amulet of regeneration (around neck)
Scrolls
 d - a scroll of noise {!r}


   Skills:
 - Level 1.5 Dodging
 - Level 1.5 Stealth
 - Level 2.6 Spellcasting
 + Level 2.1 Conjurations
 - Level 2.4 Fire Magic


You had 5 spell levels left.
You knew the following spells:

 Your Spells              Type           Power        Failure   Level  Hunger
a - Flame Tongue          Conj/Fire      #....        9%          1    N/A

Your spell library contained the following spells:

 Spells                   Type           Power        Failure   Level  Hunger
 Magic Dart               Conj           #...         9%          1    N/A
 Fireball                 Conj/Fire      #.........   94%         5    N/A
 Conjure Flame            Conj/Fire      #.......     26%         3    N/A
 Slow                     Hex            #.......     32%         2    N/A
 Throw Flame              Conj/Fire      #.....       13%         2    N/A
 Mephitic Cloud           Conj/Pois/Air  #.......     45%         3    N/A
 Blink                    Tloc           N/A          32%         2    N/A
 Sticky Flame             Conj/Fire      #.......     65%         4    N/A
 Call Imp                 Summ           #.......     32%         2    N/A
 Inner Flame              Hex/Fire       #.......     38%         3    N/A

Dungeon Overview and Level Annotations

Branches:
Dungeon (4/15)
 Temple: D:4-7

Altars:

Annotations:
D:4 3 runed doors


Innate Abilities, Weirdness & Mutations

You do not eat or drink.
Your flesh is vulnerable to fire.
You are immune to poison.
Your flesh is cold resistant. (rC+)
You are immune to negative energy. (rN+++)
You are immune to unholy pain and torment.
You can survive without breathing.


Message History

The hound is lightly wounded.
The hound bites you. The hound barely misses you.
Unknown command.
The hound closely misses you.
Found a chain mail.
Found a stone staircase leading down.
The hound pauses to sniff the ground.
Found an escape hatch in the ceiling.
The hound bites you. The hound bites you.
* * * LOW HITPOINT WARNING * * *
The hound misses you.
Your magical contamination has completely faded away.
The hound bites you.
* * * LOW HITPOINT WARNING * * *
Casting: Flame Tongue (safe; 9% risk of failure)
Confirm with . or Enter, or press ? or * to list all spells.
Aiming: Flame Tongue (safe; 9% risk of failure)
Press: ? - help, Shift-Dir - straight line, f/p - hound
Aim: a hound (lightly wounded)
The flame tongue hits the hound.
The hound is heavily wounded.
The hound closely misses you. The hound barely misses you. The hound bites you.
* * * LOW HITPOINT WARNING * * *
The hound bites you but does no damage.
Okay, then.
The hound misses you. The hound bites you.
* * * LOW HITPOINT WARNING * * *
Casting: Flame Tongue (safe; 9% risk of failure)
Confirm with . or Enter, or press ? or * to list all spells.
Aiming: Flame Tongue (safe; 9% risk of failure)
Press: ? - help, Shift-Dir - straight line, f/p - hound
Aim: a hound (moderately wounded)
The flame tongue misses the hound.
The hound barely misses you.
Unknown command.
The hound closely misses you. The hound misses you.
Found a scroll of noise.
The hound bites you.
* * * LOW HITPOINT WARNING * * *
Found 11 gold pieces.
The hound barely misses you.
Found a lumpy purple potion.
The hound closely misses you.
Casting: Flame Tongue (safe; 9% risk of failure)
Confirm with . or Enter, or press ? or * to list all spells.
Aiming: Flame Tongue (safe; 9% risk of failure)
Press: ? - help, Shift-Dir - straight line, f/p - hound
Aim: a hound (moderately wounded)
The flame tongue misses the hound.
The hound bites you.
* * * LOW HITPOINT WARNING * * *
Unknown command.
The hound bites you.
* * * LOW HITPOINT WARNING * * *
The hound bites you.
* * * LOW HITPOINT WARNING * * *
The hound bites you.
* * * LOW HITPOINT WARNING * * *
There is an escape hatch in the ceiling here.
The hound bites you.
You die...

#.#.#..# #.#.#..# #.#.#.?#
#.#.#..# #.#.#..# #.#.#..#
# .# #.#.#[. # ..# #.#h#.>
#######..# #.#@#.#####
.........# #.#.#.#...
.........#.#
#.#.#.#.######
.........#.#
#............#
.........#.#
###.#.#.##.#.#
.........#.# #.#.#.##.#.#
##.#.#..##.# #.#.#.#..#)#
#.#.....#.# #.#.#.#..#.#
#.###...#.#####.#.#.##.#.#


You could see a hound.

Vanquished Creatures
  A gnoll (D:3)
  An orc (D:4)
  A ball python (D:2)
  A giant cockroach (D:3)
  A goblin (D:1)
  2 kobolds
  A frilled lizard (D:2)
  A rat (D:2)
9 creatures vanquished.

Notes
Turn   | Place    | Note
-------+----------+-------------------------------------------
     0 | D:1      | Amnesiac the Mummy Fire Elementalist began the quest for the Orb.
     0 | D:1      | Reached XP level 1. HP: 13/13 MP: 4/4
    23 | D:1      | Reached skill level 1 in Conjurations
   257 | D:3      | Found a faded altar of an unknown god.
   450 | D:3      | Reached XP level 2. HP: 19/19 MP: 1/5
   582 | D:4      | Found a runed gate.
   582 | D:4      | Found a runed gate.
   582 | D:4      | Found a runed gate.
   596 | D:4      | Slain by a hound

Vault maps used:
D:1:      lightli_arrival_statue_moat
D:2:      minmay_diamond_boxcup, lemuel_round_altar
D:3:      makhleb_heckhound_becter, chequers_ecumenical_altar_simple,
          first_ration, lightli_sewer_entry_pipes, uniq_jessica
D:4:      nicolae_overflow_crystal_walls, ebering_ghost_rock_garden,
          cheibriados_altar_1

Skill      XL: |  1 |
---------------+----+-----
Conjurations   | 2 |  2.1
Dodging        | |  1.5
Stealth        | |  1.5
Spellcasting   | |  2.6
Fire Magic     | |  2.4

Action                   || total
-------------------------++-------
 Cast: Flame Tongue      ||    24
  Use: Scroll            ||     1
Armor: Robe              ||     2
Dodge: Dodged            ||    17

Table legend:
 A = Spawn XP
 B = Non-spawn XP
 C = Spawn XP percentage of total XP
 D = Spawn monster count
 E = Non-spawn monster count
 F = Spawn count percentage of total count
 G = Total turns spent on level
                    A         B        C        D         E        F      G
               +---------+---------+-------+---------+---------+-------+---------
         Total |       0 |      29 |   0.0 |       0 |       9 |   0.0 |   596
               +---------+---------+-------+---------+---------+-------+---------
           D:1 |       0 |       2 |   0.0 |       0 |       1 |   0.0 |    59
           D:2 |       0 |       6 |   0.0 |       0 |       4 |   0.0 |   194
           D:3 |       0 |      18 |   0.0 |       0 |       3 |   0.0 |   245
           D:4 |       0 |       3 |   0.0 |       0 |       1 |   0.0 |    98
               +---------+---------+-------+---------+---------+-------+---------
